 Dungeon Crawl Stone Soup version 0.26-a0-833-g7262b39652 (webtiles) character file.

Game seed: 4509038262560331947

762 Descartes the Covert (level 7, -8/27 HPs)
             Began as a Felid Delver on Nov 16, 2020.
             Killed by divine providence
             ... invoked by an orc priest
              (16 damage)
             ... on level 6 of the Dungeon.
             The game lasted 00:12:45 (5863 turns).

Descartes the Covert (Felid Delver)                 Turns: 5863, Time: 00:12:45

Health: -8/27      AC:  6    Str: 12    XL:     7   Next: 51%
Magic:  8/8        EV: 23    Int: 11    God:
Gold:   327        SH:  0    Dex: 20    Spells: 6/6 levels left
                                        Lives:  0   Deaths: 2

rFire    . . .     SeeInvis +     - Unarmed
rCold    . . .     Faith    .   (shield unavailable)
rNeg     . . .     Spirit   .   (armour unavailable)
rPois    .         Reflect  .   (helmet unavailable)
rElec    .         Harm     .   (cloak unavailable)
rCorr    .         Rampage  .   (gloves unavailable)
MR       ++...                  (boots unavailable)
Stlth    ++++++....             (no amulet)
HPRegen  0.09/turn              r - +4 ring of protection
MPRegen  0.11/turn              q - ring of protection from magic

@: quick
A: very small, no armour, no weapons or thrown items, stealth, claws 1, fangs 3,
see invisible, agile 1, speed 1, frail 1, shaggy fur 2, strong 1, sharp paws
a: no special abilities


You were on level 6 of the Dungeon.
You visited 1 branch of the dungeon, and saw 6 of its levels.

You collected 327 gold pieces.

Inventory:

Missiles
 f - 92 arrows
 g - 89 stones
Jewellery
 q - a ring of protection from magic (right paw)
 r - a +4 ring of protection (left paw)
 w - an uncursed ring of protection from cold
Wands
 e - a wand of digging (3)
 j - a wand of iceblast (9)
 y - a wand of flame (11)
Scrolls
 a - 2 scrolls of fog
 b - 4 scrolls of magic mapping
 c - 3 scrolls of fear
 h - 4 scrolls of teleportation
 i - 5 scrolls of enchant weapon {unknown}
 k - 3 scrolls of enchant armour {unknown}
 m - 2 scrolls of noise {unknown}
 n - a scroll of immolation {unknown}
 p - 5 scrolls of remove curse
 s - 2 scrolls of amnesia {unknown}
Potions
 d - 3 potions of haste
 l - a potion of brilliance
 o - 3 potions of curing
 t - 2 potions of lignification
 u - a potion of mutation
 v - a potion of ambrosia
 x - a potion of cancellation
 z - a potion of heal wounds {unknown}


   Skills:
 - Level 3.0 Fighting
 + Level 7.1 Dodging
 + Level 11.9 Stealth
 + Level 4.4 Unarmed Combat


You had 6 spell levels left.
You didn't know any spells.
Your spell library was empty.

Dungeon Overview and Level Annotations

Branches:
Dungeon (6/15)             Temple (0/1) D:6

Altars:
Ashenzari
Dithmenos
Makhleb
Yredelemnul

Shops:
D:4 [


Innate Abilities, Weirdness & Mutations

You cannot wear armour.
You are incapable of wielding weapons or throwing items.
Your paws allow you to move quietly. (Stealth)
You have sharp claws.
You have razor-sharp teeth.
You have supernaturally acute eyesight. (SInv)
You cover ground quickly.
You are covered in thick fur. (AC +2)
Your sharp claws are effective at attacking unaware monsters.
You are agile. (Dex +2)
You are frail. (-10% HP)
Your muscles are strong. (Str +2)


Message History

The orc wizard barely misses you. The orc wizard completely misses you.
You scratch the orc wizard.
You kill the orc wizard!
The orc throws a boomerang.
The boomerang misses you.
The weapon returns to the orc!
You barely miss the orc priest. The orc priest misses you.
An orc comes into view. It is wielding a +0 dagger.
You scratch the orc priest.
The orc priest is lightly wounded.
The orc priest hits you but does no damage.
You barely miss the orc priest.
The orc priest is lightly wounded.
The orc priest hits you with a +0 short sword.
* * * LOW HITPOINT WARNING * * *
You barely miss the orc priest. You bite the orc priest.
The orc priest is heavily wounded.
The orc priest calls down the wrath of Beogh upon you.
Beogh smites you!
Ouch! That really hurt!
You die...

## ### ...... #.##.#
#.##.## #..... .##..###..
# #.##.# # .........
#.##.##.##o# #.......
#......)@oo# #........
####.####### ..... ..
#†......# ... #..
#.#.###.# #.###.. #.#.##
.##########.#....
##.#..##.##...........#..
#........##......#.......
#..##.#..##.....<....#.#.
#........##......#......#


You could see an orc priest and 2 orcs.

Vanquished Creatures
  Sigmund (D:3)
  An ice beast (D:5)
  An ogre (D:5)
  A bullfrog (D:6)
  2 howler monkeys (D:4)
  A bullfrog zombie (D:5)
  4 hounds
  A jelly (D:3)
  3 orc wizards
  Crazy Yiuf (D:2)
  2 orc priests (D:4)
  An iguana (D:6)
  3 worker ants
  12 adders
  A white imp (D:6)
  An ooze (D:1)
  An ufetubus (D:5)
  An adder zombie (D:5)
  3 worms (D:3)
  A dart slug (D:3)
  5 leopard geckos
  12 orcs
  A ball python (D:1)
  5 bats
  8 giant cockroaches
  6 hobgoblins
  4 jackals (D:4)
  2 quokkas
  4 frilled lizards
  11 goblins
  8 kobolds
  2 quokka skeletons
  12 rats
122 creatures vanquished.

Vanquished Creatures (others)
  2 fungi (D:2)
2 creatures vanquished.

Grand Total: 124 creatures vanquished

Notes
Turn   | Place    | Note
-------+----------+-------------------------------------------
     0 | D:5      | Descartes the Felid Delver began the quest for the Orb.
     0 | D:5      | Reached XP level 1. HP: 10/10 MP: 2/2
    82 | D:5      | Noticed a worker ant
    86 | D:5      | Killed a worker ant
    87 | D:5      | Reached skill level 7 in Stealth
    87 | D:5      | Reached XP level 2. HP: 14/14 MP: 3/3
   102 | D:5      | Reached skill level 8 in Stealth
   102 | D:5      | Reached XP level 3. HP: 17/17 MP: 4/4
   185 | D:5      | Noticed an ice beast
   202 | D:4      | Reached skill level 9 in Stealth
   202 | D:4      | Reached XP level 4. HP: 21/21 MP: 5/5
   216 | D:5      | HP: 1/21 [ice beast (11)]
   216 | D:5      | Mangled by a bullfrog zombie
   217 | D:5      | Reached XP level 3. HP: -6/17 MP: 4/4
   267 | D:5      | Noticed an ogre
   313 | D:4      | Found Syopom's Antique Armour Shop.
   384 | D:4      | Reached XP level 4. HP: 21/21 MP: 5/5
   559 | D:3      | Noticed Sigmund
   563 | D:3      | Killed Sigmund
   564 | D:3      | Reached skill level 10 in Stealth
   564 | D:3      | Reached XP level 5. HP: 24/24 MP: 6/6
   564 | D:3      | Gained mutation: You are covered in thick fur. (AC +2)
                  | [Felid growth]
   564 | D:3      | Reached XP level 6. HP: 28/28 MP: 7/7
   593 | D:3      | Found a basalt altar of Yredelemnul.
   819 | D:1      | Found a broken altar of Ashenzari.
  1994 | D:2      | Found a runed translucent door.
  1995 | D:2      | Noticed Crazy Yiuf
  2152 | D:2      | Killed Crazy Yiuf
  2363 | D:2      | Reached skill level 5 in Dodging
  3535 | D:3      | Found a burning altar of Makhleb.
  3873 | D:3      | Reached skill level 11 in Stealth
  3873 | D:3      | Reached XP level 7. HP: 31/31 MP: 8/8
  4389 | D:4      | Found a shadowy altar of Dithmenos.
  4749 | D:5      | Slain by an ice beast
  4750 | D:5      | Reached XP level 6. HP: 0/28 MP: 7/7
  4828 | D:5      | Gained mutation: You are frail. (-10% HP) [potion of
                  | mutation]
  4828 | D:5      | Gained mutation: Your muscles are strong. (Str +2) [potion
                  | of mutation]
  4828 | D:5      | Gained mutation: You are agile. (Dex +2) [potion of
                  | mutation]
  4841 | D:5      | Killed an ice beast
  4842 | D:5      | Reached XP level 7. HP: 27/27 MP: 8/8
  5116 | D:5      | Found a shadowy altar of Dithmenos.
  5118 | D:5      | Found a broken altar of Ashenzari.
  5581 | D:6      | Found a staircase to the Ecumenical Temple.
  5863 | D:6      | Killed from afar by an orc priest

Illustrated notes

Levels and vault maps discovered:
D:1:      dpeg_arrival_rooms_with_view, layout_basic, serial_corexii_hall,
          corexii_hall_statues_t, corexii_hall_statues_l,
          chequers_hall_statues_y, corexii_hall_statues_l,
          corexii_hall_statues_i, corexii_hall_statues_l,
          nicolae_ashenzari_panopticon
D:2:      layout_rooms, chequers_serial_rivers_small_b, uniq_crazy_yiuf_cottage
D:3:      layout_basic, yredelemnul_altar_generic, makhleb_heckhound_becter,
          hangedman_decor_growths, minmay_quadrilaterals, uniq_sigmund
D:4:      layout_basic, serial_shops, shop, nicolae_dithmenos_the_darkroom
D:5:      layout_gridville, minitemple
D:6:      layout_loops_cross, minmay_temple_entry_sparse_star, serial_shops,
          kennysheep_mini_moat, dk_noncrumbling_4

Skill      XL: |  1  2  3  4  5  6  7 |
---------------+----------------------+-----
Stealth        | 7 8 9 10 11 | 11.9
Dodging        | 4 5 7 |  7.1
Unarmed Combat | 4 |  4.4
Fighting       | |  3.0

Action                   |  1- 3 |  4- 6 |  7- 9 || total
-------------------------+-------+-------+-------++-------
Melee: Unarmed           |    13 |   251 |   132 ||   396
       Bite              |     1 |    28 |    14 ||    43
       Punch             |       |     2 |     3 ||     5
  Use: Potion            |       |     3 |     1 ||     4
       Scroll            |       |     4 |     2 ||     6
 Stab: Sleeping          |     8 |    38 |     7 ||    53
Armor: Skin              |     1 |    15 |    24 ||    40
Dodge: Dodged            |     7 |   174 |   136 ||   317

Table legend: (Time is in decaauts)
 A = Elapsed time spent in this place.
 B = Non-inter-level travel time spent in this place.
 C = Inter-level travel time spent in this place.
 D = Time resting spent in this place.
 E = Time spent auto-exploring this place.
 F = Levels seen in this place.
 G = Mean time per level.
                   A        B        C        D        E       F      G
               +--------+--------+--------+--------+--------+-----+--------+
         Total |   5064 |   4894 |    170 |    225 |   3546 |   6 |  844.0 |
       Dungeon |   5064 |   4894 |    170 |    225 |   3546 |   6 |  844.0 |
               +--------+--------+--------+--------+--------+-----+--------+

Top non-repeatable levels by time:
     D:3: 1328 daAuts
     D:1: 1035 daAuts
     D:5: 965 daAuts
     D:4: 794 daAuts
     D:2: 694 daAuts
     D:6: 246 daAuts
